Map: Automaton LE

Players

TiPtOP - Winner!

  • Race: Terran Terran
  • League: Silver
  • Spawn Location: 9:00

DreaMy

  • Race: Zerg Zerg
  • League: Silver
  • Spawn Location: 3:00

VOD

Have the link to the VOD?

Description

Time

  • Played on: May 12, 2019, 8:20 p.m.
  • Length: 15:29
Show
View Real Time Build Order
Export as new Build Order

TiPtOP Terran - Winner!

Build Orders:  

Get SALT Encoding   

  12  0:01  SCV  
  13  0:13  SCV  
  14  0:19  Supply Depot  
  14  0:26  SCV  
  15  0:41  SCV  
  16  0:43  Barracks  
  16  0:53  SCV  
  16  0:57  Refinery  
  14  1:18  SCV  
  3  1:30  SCV  
  4  1:40  Marine  
  5  2:02  Marine  
  5  2:21  Marine  
    3:38  SCV  
  1  4:37  SCV  
  2  5:09  SCV  
  3  5:31  SCV  
  4  5:47  SCV  
  5  6:01  Marine  
  6  6:30  Bunker  
  6  6:34  Marine  
  7  6:46  SCV  
  8  7:01  SCV  
  9  7:21  SCV  
  10  7:25  Marine  
  11  7:40  SCV  
  11  7:44  Marine  
  13  7:48  Supply Depot  
  11  8:17  Marine  
  12  8:37  SCV  
  13  8:51  SCV  
  13  9:06  SCV  
  14  9:30  Refinery  
  14  9:32  SCV  
  14  9:35  Marine  
  16  9:44  SCV  
  17  9:56  SCV  
  19  10:08  SCV  
  19  10:25  Barracks Reactor  
  19  10:27  SCV  
  20  10:28  Supply Depot  
  19  10:41  SCV  
  20  11:02  Marine, Barracks  
  20  11:03  Marine  
  21  11:18  SCV  
  22  11:53  SCV  
  23  11:54  Marine x2  
  25  12:02  Barracks Tech Lab  
  25  12:05  SCV  
  26  12:17  SCV  
  26  12:20  Marine x2  
  26  12:21  Marine  
  30  12:23  Stimpack  
  30  12:28  Command Center  
  30  12:29  SCV  
  31  12:31  Refinery  
  31  12:40  Factory  
  31  13:00  Supply Depot  
  31  13:21  Marine x3  
  31  13:22  SCV  
  31  13:23  Supply Depot  
  35  13:28  Factory Reactor  
  35  13:31  Starport  
  35  13:34  SCV  
  36  13:44  Orbital Command  
  36  13:45  Supply Depot  
  36  13:52  SCV  
  36  14:27  Marine x3  
  39  14:45  Marine  
  39  15:10  Marine x3  
Show
View Real Time Build Order
Export as new Build Order

DreaMy Zerg 

Build Orders: Pool Only 

Get SALT Encoding   

  12  0:22  Drone  
  13  0:43  Drone  
  12  1:18  Drone  
  12  1:40  Drone  
  13  2:16  Drone  
  14  5:51  Overlord x2  
  14  5:52  Overlord  
  14  7:33  Drone x3  
  17  7:56  Drone x2  
  15  8:09  Drone  
  6  8:28  Drone x2  
  8  8:45  Drone  
  9  8:59  Drone  
  10  9:06  Drone  
  11  9:20  Drone  
  12  9:32  Drone x2  
  14  9:55  Drone x2  
  16  10:20  Drone x2  
  18  10:32  Drone  
  19  10:39  Drone  
  20  10:53  Drone  
  17  11:15  Drone x2  
  7  11:31  Drone x2  
  9  12:07  Spawning Pool  
  9  12:08  Drone x3  
  11  12:24  Drone  
  12  12:43  Drone x2  
  14  13:08  Drone x2  
  16  13:16  Queen  
  18  13:51  Queen  
  20  14:05  Drone  
  20  14:08  Zergling x2  
  20  14:09  Zergling x2  
  7  14:27  Zergling x2, Queen  
  7  14:28  Zergling x2  
  5  14:50  Drone x3  
Tags
 
Add a new tag
Caveats
  • Supply blocks, unpowered buildings, or Contaminate may cause inaccurate times.
  • Supply counts are checked every 10 seconds.